 Dungeon Crawl Stone Soup version 0.25-a0-310-g60f0ac2d9a (webtiles) character file.

Game seed: 8226405098188651743, levelgen mode: classic

546 Borgoz the Skirmisher (level 7, -5/44 HPs)
             Began as a Gargoyle Berserker on Dec 23, 2019.
             Was a Believer of Trog.
             Slain by a hippogriff (6 damage)
             ... on level 7 of the Dungeon.
             The game lasted 00:02:55 (3134 turns).

Borgoz the Skirmisher (Gargoyle Berserker)          Turns: 3134, Time: 00:02:55

Health: -5/44      AC:  8    Str: 20    XL:     7   Next: 28%
Magic:  7/7        EV: 12    Int:  8    God:    Trog [**....]
Gold:   203        SH:  6    Dex: 11    Spells: 6/6 levels left

rFire    . . .     SeeInvis .   a - +0 mace
rCold    + . .     Gourm    .   o - +2 buckler
rNeg     + . .     Faith    .   b - +0 animal skin
rPois    ∞         Spirit   .   (no helmet)
rElec    +         Reflect  .   (no cloak)
rCorr    .         Harm     .   h - +0 pair of gloves
MR       .....                  (no boots)
Stlth    +.........             (no amulet)
HPRegen  0.14/turn              j - ring of protection from cold
MPRegen  0.10/turn              (no ring)

@: berserk cooldown, hasted and slowed
A: negative energy resistance 1, electricity resistance, unbreathing,
petrification resistance, rot immunity, AC +4
a: Berserk, Trog's Hand, Renounce Religion


You were on level 7 of the Dungeon.
You worshipped Trog.
Trog was pleased with you.
You were not hungry.

You visited 1 branch of the dungeon, and saw 5 of its levels.

You collected 203 gold pieces.

Inventory:

Hand Weapons
 a - a +0 mace (weapon)
Armour
 b - a +0 animal skin (worn)
 h - a +0 pair of gloves (worn)
 o - a +2 buckler (worn)
Jewellery
 j - a ring of protection from cold (left hand)
 m - a +5 ring of evasion {unknown}
Wands
 n - a wand of polymorph (7)
Scrolls
 e - a scroll of fog {unknown}
 f - 5 scrolls of teleportation {unknown}
 g - 2 scrolls of remove curse {unknown}
 i - 2 scrolls of enchant armour {unknown}
 l - a scroll of noise {unknown}
Potions
 k - a potion of haste
 p - a potion of cancellation {unknown}
Comestibles
 c - 7 rations


   Skills:
 * Level 5.1 Fighting
 * Level 4.6 Maces & Flails
 * Level 4.4 Armour
 * Level 3.3 Dodging
 + Level 1.8 Shields


You had 6 spell levels left.
You didn't know any spells.
Your spell library was empty.

Dungeon Overview and Level Annotations

Branches:
Dungeon (7/15)
 Temple: D:4-7

Altars:
Fedhas
Qazlal


Innate Abilities, Weirdness & Mutations

You are resistant to torment.
Your stone body is resilient. (AC +4)
You are immune to poison.
You resist negative energy. (rN+)
You are resistant to electric shocks. (rElec)
You can survive without breathing.
You are immune to petrification.
You are immune to rotting.


Message History

The hippogriff is heavily wounded.
The hippogriff bites you.
The hippogriff pecks you but does no damage.
The hippogriff claws you.
* * * LOW HITPOINT WARNING * * *
You block the hippogriff's attack. The hippogriff pecks you.
* * * LOW HITPOINT WARNING * * *
The hippogriff claws you but does no damage.
It was a potion of curing.
You feel better. You block the hippogriff's attack. x2
The hippogriff claws you but does no damage.
You feel better. The hippogriff bites you. The hippogriff pecks you.
* * * LOW HITPOINT WARNING * * *
You block the hippogriff's attack. The hippogriff bites you.
* * * LOW HITPOINT WARNING * * *
The hippogriff pecks you but does no damage.
The hippogriff claws you.
* * * LOW HITPOINT WARNING * * *
It was a potion of haste.
You feel yourself speed up. The hippogriff barely misses you.
The hippogriff pecks you.
You die...

#................
#.############### #.#
######.########## ###
#...............###...
#.###..#...)........##
#.# #.##...####.#####
#.# #.###(## #.# #.# #@#
#.# #.###### ###.###H#
#.# #.......
#....##.###.############
#...#...##............#
#...........#########.#
##..#...##.## #.#
#.##...##.# #.#
#......##.H #######.##
#.........#. ..........


You could see a hippogriff.

Vanquished Creatures
  A water moccasin (D:7)
  An ice beast (D:7)
  A centaur (D:7)
  A bullfrog zombie (D:7)
  A hound (D:4)
  Jessica (D:3)
  Natasha (thrice) (D:2)
  A worker ant (D:7)
  3 adders
  A worm (D:3)
  A leopard gecko (D:2)
  An orc (D:3)
  7 bats
  2 giant cockroaches
  7 goblins
  4 hobgoblins
  10 jackals
  A kobold (D:2)
  2 quokkas
  A ball python (D:1)
  3 frilled lizards (D:1)
  6 rats
59 creatures vanquished.

Notes
Turn   | Place    | Note
-------+----------+-------------------------------------------
     0 | D:1      | Borgoz the Gargoyle Berserker began the quest for the Orb.
     0 | D:1      | Reached XP level 1. HP: 14/14 MP: 1/1
    27 | D:1      | Reached XP level 2. HP: 17/19 MP: 2/2
   575 | D:1      | Reached XP level 3. HP: 23/23 MP: 3/3
   578 | D:1      | Reached ** piety under Trog
  1483 | D:2      | Noticed Natasha
  1484 | D:2      | Found a blossoming altar of Fedhas.
  1491 | D:2      | Killed Natasha
  1491 | D:2      | Reached skill level 4 in Fighting
  1491 | D:2      | Reached XP level 4. HP: 24/29 MP: 4/4
  1704 | D:2      | Noticed Natasha
  1713 | D:2      | Killed Natasha
  1791 | D:2      | Noticed Natasha
  1799 | D:2      | Killed Natasha
  1799 | D:2      | Reached XP level 5. HP: 33/33 MP: 5/5
  1902 | D:3      | Found a stormy altar of Qazlal.
  1906 | D:3      | Noticed Jessica
  1930 | D:3      | Killed Jessica
  2617 | D:4      | You fall into a shaft and drop 3 floors!
  2740 | D:7      | Reached skill level 1 in Shields
  2740 | D:7      | Reached XP level 6. HP: 21/39 MP: 6/6
  2898 | D:7      | Noticed an ice beast
  2905 | D:7      | Killed an ice beast
  3103 | D:7      | Noticed a water moccasin
  3112 | D:7      | Killed a water moccasin
  3112 | D:7      | Reached skill level 5 in Fighting
  3112 | D:7      | Reached XP level 7. HP: 30/44 MP: 7/7
  3124 | D:7      | Noticed a hippogriff
  3133 | D:7      | HP: 1/44 [hippogriff (6)]
  3134 | D:7      | Slain by a hippogriff

Levels and vault maps discovered:
D:1:      lightli_arrival_lavapool, layout_basic
D:2:      layout_rooms, fedhas_altar_1, uniq_natasha
D:3:      layout_basic, lemuel_doored_altar, chequers_serial_rivers_micro_b,
          uniq_jessica
D:4:      layout_gridville
D:7:      layout_loops_ring, grunt_temple_overflow_opulence, st_stairs_8

Skill      XL: |  1  2  3  4  5  6 |
---------------+-------------------+-----
Dodging        | 2 3 |  3.3
Fighting       | 4 5 |  5.1
Armour         | 3 4 |  4.4
Maces & Flails | 4 |  4.6
Shields        | 1 |  1.8

Action                   |  1- 3 |  4- 6 |  7- 9 || total
-------------------------+-------+-------+-------++-------
Melee: Mace              |   111 |   122 |     5 ||   238
Invok: Berserk           |     1 |     2 |       ||     3
  Use: Potion            |       |       |     3 ||     3
 Stab: Sleeping          |     2 |       |       ||     2
  Eat: Chunk             |     2 |     7 |     1 ||    10
Armor: Animal skin       |    55 |    52 |     5 ||   112
Dodge: Dodged            |   108 |    88 |     5 ||   201
Block: Buckler           |       |    26 |     5 ||    31

Table legend:
 A = Non-vault XP
 B = Vault XP
 C = Vault XP percentage of total XP
 D = Non-vault monster count
 E = Vault monster count
 F = Vault count percentage of total count
                 A         B        C        D         E       F
            +---------+---------+-------+---------+---------+-------
      Total |     709 |      72 |   9.2 |      57 |       2 |   3.4
            +---------+---------+-------+---------+---------+-------
        D:1 |      42 |       0 |   0.0 |      27 |       0 |   0.0
        D:2 |     116 |      35 |  23.2 |      14 |       1 |   6.7
        D:3 |      31 |      37 |  54.4 |       9 |       1 |  10.0
        D:4 |      45 |       0 |   0.0 |       2 |       0 |   0.0
        D:7 |     475 |       0 |   0.0 |       5 |       0 |   0.0
            +---------+---------+-------+---------+---------+-------
